 Dungeon Crawl Stone Soup version 0.19.1 (webtiles) character file.

59 loralnil the Caller (level 3, -2/20 HPs)
             Began as a Deep Elf Summoner on Dec 13, 2016.
             Slain by a river rat (9 damage)
             ... on level 3 of the Dungeon.
             The game lasted 00:06:41 (2627 turns).

loralnil the Caller (Deep Elf Summoner)             Turns: 2627, Time: 00:06:42

Health: -2/20      AC:  2    Str:  6    XL:     3   Next: 78%
Magic:  8/10       EV: 13    Int: 19    God:
Gold:   92         SH:  0    Dex: 15    Spells: 1 memorised, 8 levels left

rFire  . . .     SeeInvis .     k - +1 hand axe (elec)
rCold  . . .     Gourm    .     a - +0 robe
rNeg   . . .     Faith    .     (no shield)
rPois  .         Spirit   .     (no helmet)
rElec  .         Reflect  .     (no cloak)
rCorr  +         Harm     .     (no gloves)
MR     .....                    (no boots)
Stlth  ++........               (no amulet)
                                (no ring)
                                d - ring of resist corrosion

@: no status effects
A: no striking features
a: no special abilities


You were on level 3 of the Dungeon.
You were very hungry.

You visited 1 branch of the dungeon, and saw 3 of its levels.

You collected 92 gold pieces.

Inventory:

Hand Weapons
 k - a +1 hand axe of electrocution (weapon)
Armour
 a - a +0 robe (worn)
Jewellery
 d - a ring of resist corrosion (left hand)
Scrolls
 e - a scroll of enchant armour {unknown}
 g - 3 scrolls of identify
 h - 3 scrolls of teleportation {unknown}
 l - a scroll of magic mapping {unknown}
Potions
 f - a potion of curing
Books
 b - a book of Callings

   Spells                             Type                      Level
   a - Summon Small Mammal            Summoning                    1
   b - Call Imp                       Summoning                    2
   c - Call Canine Familiar           Summoning                    3
   d - Summon Guardian Golem          Hexes/Summoning              3
   e - Summon Lightning Spire         Summoning/Air                4
   f - Summon Ice Beast               Ice/Summoning                4
Comestibles
 c - 3 bread rations
 i - a beef jerky


   Skills:
 + Level 0.4 Fighting
   Level 0.4 Short Blades
 + Level 2.8 Dodging
 + Level 3.1 Stealth
 + Level 3.6 Spellcasting
 + Level 5.1 Summonings


You had 8 spell levels left.
You knew the following spells:

 Your Spells              Type           Power        Failure   Level  Hunger
a - Summon Small Mammal   Summ           ###.         1%          1    None


Dungeon Overview and Level Annotations

Branches:
Dungeon (3/15)

Altars:

Portals:
Sewer: D:3


Message History

The hobgoblin shouts!
The river rat bites your rat. The rat bites your quokka.
Your rat bites the rat.
Your quokka barely misses the rat.
Your quokka closely misses the rat.
A rat comes into view.
You swap places.
The river rat bites your rat!
Your rat dies!
Your rat's corpse disappears in a puff of smoke!
The rat closely misses you.
Your quokka bites the rat.
The rat dies!
Found 12 gold pieces.
Your quokka closely misses the river rat.
The river rat closely misses you.
You see here a rat corpse.
You hit the river rat but do no damage.
There is a sudden explosion of sparks!
The river rat is almost dead.
The river rat bites you!
Your quokka bites the river rat but does no damage.
The river rat bites you!
You die...

#. ####. #
...<.. .
......### .#
.......<##.#
.....##..#.#
....###.#r.###
# #.....rr...#
#...†.@....#
##..g≈≈≈....#
#..≈≈≈≈≈.).#
.....≈r∩≈≈...#
##...≈≈≈≈≈...#
#....≈≈≈......
##.$.......#.#
#.........#.#


You could see a river rat, a hobgoblin, a rat and 2 friendly quokkas.

Vanquished Creatures
  2 adders (D:2)
  A dart slug (D:1)
  A leopard gecko (D:2)
  A giant cockroach (D:2)
  3 hobgoblins
  2 bats
  4 frilled lizards (D:2)
  4 rats
18 creatures vanquished.

Vanquished Creatures (collateral kills)
  A river rat (D:3)
  An ooze (D:2)
  A worm (D:2)
  2 dart slugs (D:1)
  A giant cockroach (D:1)
  5 goblins
  2 hobgoblins (D:1)
  A quokka (D:1)
  A bat (D:1)
  2 frilled lizards (D:1)
  4 kobolds (D:1)
  5 rats
26 creatures vanquished.

Grand Total: 44 creatures vanquished

Notes
Turn   | Place    | Note
-------+----------+-------------------------------------------
     0 | D:1      | loralnil the Deep Elf Summoner began the quest for the Orb.
     0 | D:1      | Reached XP level 1. HP: 10/10 MP: 6/6
   409 | D:1      | Reached XP level 2. HP: 3/15 MP: 5/8
  1696 | D:2      | Reached skill level 5 in Summonings
  1805 | D:2      | Reached XP level 3. HP: 6/19 MP: 5/9
  2611 | D:3      | Found a glowing drain.
  2627 | D:3      | Slain by a river rat

Skill      XL: |  1  2  3 |
---------------+----------+-----
Summonings     | 5 |  5.1
Stealth        | 3 |  3.1
Fighting       | |  0.4
Short Blades   | |  0.4
Dodging        | |  2.8
Spellcasting   | |  3.6

Action                   || total
-------------------------++-------
Melee: Dagger            ||    58
       Unarmed           ||     2
       Hand axe          ||    17
 Cast: Summon Small Mamm ||    55
  Use: Scroll            ||     1
 Stab: Sleeping          ||     6
  Eat: Chunk             ||     4
Armor: Robe              ||     8
Dodge: Dodged            ||    62
